 Dungeon Crawl Stone Soup version 0.19-a0-659-g8260ecf (webtiles) character file.

4847 Ijustatesigmund the Slicer (level 10, -3/68 HPs)
             Began as a Halfling Assassin on June 15, 2016.
             Was an Elder of Okawaru.
             Slain by a komodo dragon (33 damage)
             ... on level 11 of the Dungeon.
             The game lasted 00:30:04 (10832 turns).

Ijustatesigmund the Slicer (Halfling Assassin)     Turns: 10832, Time: 00:30:05

Health: -3/68      AC:  5    Str: 11    XL:     10   Next: 78%
Magic:  15/15      EV: 21    Int: 10    God:    Okawaru [****..]
Gold:   98         SH:  0    Dex: 24    Spells: 2 memorised, 5 levels left

rFire  . . .     SeeInvis .     a - +3 dagger
rCold  . . .     Gourm    .     K - +0 robe of Valiance {MR+ Int-2 Dex+4 Slay+2} (curse)
rNeg   . . .     Faith    .     (shield restricted)
rPois  .         Spirit   .     (no helmet)
rElec  .         Dismiss  .     d - +1 cloak
rCorr  +         Reflect  .     r - +0 pair of gloves
SustAt .         Harm     .     (no boots)
MR     +....                    (no amulet)
Stlth  ++++......               u - +2 ring of intelligence
                                h - ring of resist corrosion

@: hasted, very quick, somewhat resistant to hostile enchantments, stealthy
A: mutation resistance 1
a: Heroism, Renounce Religion


You were on level 11 of the Dungeon.
You worshipped Okawaru.
Okawaru was greatly pleased with you.
You were very hungry.

You visited 1 branch of the dungeon, and saw 11 of its levels.

You collected 333 gold pieces.
You spent 235 gold pieces at shops.

Inventory:

Hand Weapons
 a - a +3 dagger (weapon)
 b - a +0 blowgun
 C - a +0 hunting sling
 D - a +0 dagger of venom
Missiles
 e - 14 poisoned needles
 j - a curare-tipped needle
 l - 89 sling bullets
 w - 6 needles of sleeping
 F - 4 needles of confusion
 H - a throwing net (quivered)
Armour
 c - a +0 robe
 d - a +1 cloak (worn)
 r - a +0 pair of gloves (worn)
 y - the +1 ring mail "Qoreckal" {*Confuse rElec rCorr Dex+4}
   (You bought it in a shop on level 5 of the Dungeon)

   It affects your dexterity (+4).
   It insulates you from electricity.
   It protects you from acid and corrosion.
   It may confuse you when you take damage.
 I - a +0 robe of resistance
 K - the cursed +0 robe of Valiance (worn) {MR+ Int-2 Dex+4 Slay+2}
   (You found it on level 8 of the Dungeon)

   It affects your intelligence (-2).
   It affects your dexterity (+4).
   It affects your accuracy and damage with ranged weapons and melee attacks
   (+2).
   It affects your resistance to hostile enchantments.
   It has a curse placed upon it.
Jewellery
 h - a ring of resist corrosion (left hand)
 o - an uncursed ring of fire
 u - a +2 ring of intelligence (right hand)
Wands
 m - a wand of slowing (24/48)
 B - a wand of random effects (33/48)
 G - a wand of lightning (5/15)
Scrolls
 f - a scroll of blinking
 n - 6 scrolls of remove curse
 p - a scroll of teleportation
 A - 8 scrolls of identify
Potions
 k - a potion of flight
 s - a potion of cure mutation
 t - a potion of curing
 x - a potion of brilliance
 z - a potion of ambrosia
 E - a potion of heal wounds
Books
 v - a book of Ice

   Spells                             Type                      Level
   a - Ice Form                       Ice/Transmutation            4
   b - Metabolic Englaciation         Hexes/Ice                    5
   c - Ozocubu's Refrigeration        Ice                          6
   d - Bolt of Cold                   Conjuration/Ice              6
   e - Freezing Cloud                 Conjuration/Ice/Air          6
   f - Simulacrum                     Ice/Necromancy               6
 L - a book of Minor Magic

   Spells                             Type                      Level
   a - Magic Dart                     Conjuration                  1
   b - Blink                          Translocation                2
   c - Call Imp                       Summoning                    2
   d - Repel Missiles                 Charms/Air                   2
   e - Slow                           Hexes                        2
   f - Conjure Flame                  Conjuration/Fire             3
   g - Mephitic Cloud                 Conjuration/Poison/Air       3
Comestibles
 g - 4 bread rations
 i - 8 meat rations
 q - a beef jerky


   Skills:
 - Level 6.0 Fighting
 - Level 8.2 Short Blades
 + Level 5.4(5.8) Slings
 - Level 2.1(3.4) Throwing
 - Level 6.8 Dodging
 - Level 7.0 Stealth
 + Level 3.7 Charms
 + Level 3.4 Translocations
 + Level 3.5 Air Magic
 - Level 6.9 Invocations


You had 5 spell levels left.
You knew the following spells:

 Your Spells              Type           Power        Failure   Level  Hunger
a - Blink                 Tloc           N/A          17%         2    ###....
c - Repel Missiles        Chrm/Air       #.....       14%         2    ###....


Dungeon Overview and Level Annotations

Branches:
Dungeon (11/15)            Temple (0/1) D:7
   Lair: D:8-11         Orc: D:9-12

Altars:
Ashenzari
Cheibriados
Elyvilon
Fedhas
Hepliaklqana
Kikubaaqudgha
Makhleb
Okawaru
Pakellas
Qazlal
Ru
Vehumet
Xom
Zin

Shops:
D:5 [%:   D:6 **   D:8 [

Annotations:
D:9 tstbtto's ghost, novice CeBe


Innate Abilities, Weirdness & Mutations

You are small and have problems with some larger weapons.
You are somewhat resistant to further mutation.


Message History

You hit the komodo dragon but do no damage.
The komodo dragon is lightly wounded.
You barely miss the komodo dragon.
The komodo dragon is lightly wounded.
The komodo dragon bites you!
You hit the komodo dragon but do no damage.
The komodo dragon is lightly wounded.
The komodo dragon completely misses you.
You hit the komodo dragon.
The komodo dragon is lightly wounded.
You hit the komodo dragon but do no damage.
The komodo dragon is lightly wounded.
The komodo dragon misses you.
You hit the komodo dragon but do no damage.
The komodo dragon is lightly wounded.
You hit the komodo dragon but do no damage.
The komodo dragon is lightly wounded.
The komodo dragon closely misses you.
You feel yourself speed up. The komodo dragon bites you!!
You die...

####
..>##
#...
#..
#l#
#@#
#.#
#.#
#.#
+.#
.#
###
..#..
#.#.#
#.#.#


You could see a komodo dragon.

Vanquished Creatures
  A centaur zombie (D:10)
  A centaur skeleton (D:11)
  A two-headed ogre (D:9)
  The ghost of Shenda the Covered, an amateur GrFi (D:7)
  Menkaure (D:7)
  A porcupine (D:11)
  An ice beast (D:7)
  2 black bears
  A sky beast (D:6)
  2 phantoms (D:5)
  3 centaurs
  5 ogres
  4 giant frogs
  A gnoll sergeant (D:8)
  A water moccasin zombie (D:8)
  3 scorpions
  10 wights
  A howler monkey (D:5)
  7 crimson imps
  A quasit (D:7)
  4 hounds
  2 gnoll shamans
  5 orc priests
  A jelly (D:4)
  2 giant frog skeletons (D:11)
  An iguana (D:4)
  5 orc wizards
  4 worker ants
  3 sheep (D:11)
  2 hound zombies
  A worker ant zombie (D:6)
  6 adders
  17 gnolls
  2 shadow imps
  3 worms
  2 dart slugs
  6 giant geckos
  14 orcs
  5 ball pythons
  4 giant cockroaches
  14 goblins
  8 hobgoblins
  22 jackals
  4 quokkas
  10 bats
  A giant gecko skeleton (D:7)
  3 giant newts
  5 kobolds
  A quokka skeleton (D:6)
  10 rats
215 creatures vanquished.

Vanquished Creatures (others)
  A human (D:5)
1 creature vanquished.

Grand Total: 216 creatures vanquished

Notes
Turn   | Place    | Note
--------------------------------------------------------------
     0 | D:1      | Ijustatesigmund the Halfling Assassin began the quest for the Orb.
     0 | D:1      | Reached XP level 1. HP: 14/14 MP: 1/1
    29 | D:1      | Reached skill level 3 in Short Blades
   234 | D:1      | Reached XP level 2. HP: 19/19 MP: 2/2
   273 | D:1      | Found a shimmering altar of Xom.
   370 | D:1      | Reached skill level 4 in Short Blades
   741 | D:1      | Reached XP level 3. HP: 21/24 MP: 3/3
  1341 | D:2      | Reached skill level 5 in Short Blades
  1441 | D:2      | Found an iron altar of Okawaru.
  1455 | D:2      | Became a worshipper of Warmaster Okawaru
  1540 | D:3      | Found a blossoming altar of Fedhas.
  1545 | D:3      | Found a snail-covered altar of Cheibriados.
  1553 | D:3      | Found a stormy altar of Qazlal.
  1557 | D:3      | Reached XP level 4. HP: 25/29 MP: 4/4
  1851 | D:3      | You fall through a shaft for 3 floors!
  2004 | D:6      | Found Eruran's Assorted Antiques.
  2013 | D:6      | Bought 2 bubbling ruby potions for 46 gold pieces
  2080 | D:6      | Reached skill level 6 in Short Blades
  2119 | D:6      | Noticed a centaur
  2126 | D:6      | Killed a centaur
  2126 | D:6      | Reached skill level 5 in Stealth
  2126 | D:6      | Reached XP level 5. HP: 11/34 MP: 5/5
  2166 | D:5      | Entered Level 5 of the Dungeon
  2471 | D:5      | Reached XP level 6. HP: 39/39 MP: 6/6
  2675 | D:4      | Reached skill level 7 in Short Blades
  2686 | D:4      | Found an oddly glowing altar of Pakellas.
  2686 | D:4      | Noticed a cyan ugly thing
  2845 | D:4      | Noticed an ogre
  2847 | D:4      | Killed an ogre
  3005 | D:4      | Reached * piety under Okawaru
  3005 | D:4      | Reached XP level 7. HP: 44/44 MP: 7/7
  3009 | D:4      | Found a white marble altar of Elyvilon.
  3222 | D:3      | Reached skill level 8 in Short Blades
  4529 | D:4      | Reached skill level 1 in Invocations
  4873 | D:4      | Reached XP level 8. HP: 28/51 MP: 9/9
  5085 | D:5      | Found Vohor's Book Emporium.
  5246 | D:5      | Found a hazy altar of Hepliaklqana.
  5246 | D:5      | Found a burning altar of Makhleb.
  5247 | D:5      | Found a shattered altar of Ashenzari.
  5352 | D:5      | Found an ancient bone altar of Kikubaaqudgha.
  5539 | D:5      | Found an ancient bone altar of Kikubaaqudgha.
  5567 | D:5      | Reached ** piety under Okawaru
  5607 | D:5      | Noticed a human
  5608 | D:5      | Killed a human
  5687 | D:5      | Found Kutt's Antique Armour Shoppe.
  6000 | D:5      | Found Olares's Food Shop.
  6174 | D:5      | Found a sacrificial altar of Ru.
  6237 | D:5      | Bought a crude ring mail for 189 gold pieces
  6247 | D:5      | Identified the +1 ring mail "Qoreckal" {*Confuse rElec rCorr Dex+4} (You bought it in a shop on level 5 of the Dungeon)
  6335 | D:6      | Found Zin's Purification Station.
  6337 | D:6      | Found a glowing silver altar of Zin.
  6622 | D:6      | Reached XP level 9. HP: 24/58 MP: 12/12
  7101 | D:6      | Reached skill level 5 in Dodging
  7179 | D:6      | Reached skill level 5 in Invocations
  7613 | D:7      | Reached skill level 5 in Fighting
  7644 | D:7      | Noticed Menkaure
  7648 | D:7      | Killed Menkaure
  7933 | D:7      | Reached *** piety under Okawaru
  7941 | D:7      | Noticed Shenda's ghost (amateur GrFi)
  8204 | D:7      | Found a staircase to the Ecumenical Temple.
  8829 | D:7      | Reached XP level 10. HP: 68/68 MP: 14/14
  8950 | D:7      | Killed Shenda's ghost
  9023 | D:7      | Reached skill level 1 in Slings
  9110 | D:8      | Got a steaming robe
  9121 | D:8      | Identified the cursed +0 robe of Valiance {MR+ Int-2 Dex+4 Slay+2} (You found it on level 8 of the Dungeon)
  9176 | D:8      | Learned a level 2 spell: Blink
  9179 | D:8      | Learned a level 2 spell: Slow
  9182 | D:8      | Learned a level 2 spell: Repel Missiles
  9281 | D:8      | Reached skill level 1 in Charms
  9408 | D:8      | Found a radiant altar of Vehumet.
  9497 | D:8      | Reached skill level 1 in Translocations
  9497 | D:8      | Reached skill level 1 in Air Magic
  9537 | D:8      | Reached **** piety under Okawaru
  9541 | D:8      | Found Rynwaec's Armour Boutique.
  9865 | D:9      | Noticed tstbtto's ghost (novice CeBe)
  9878 | D:10     | Entered Level 10 of the Dungeon
  9889 | D:10     | HP: 3/68 [poisoned by tstbtto's ghost]
  9892 | D:10     | HP: 1/68 [poisoned by tstbtto's ghost]
 10611 | D:11     | Noticed a cyclops
 10638 | D:11     | Reached skill level 5 in Slings
 10822 | D:11     | Noticed a komodo dragon
 10832 | D:11     | Slain by a komodo dragon

Vault maps used:
D:1:      dpeg_arrival_morbid_curiosity, st_stairs_14, xom_teletrap_fun
D:2:      okawaru_metal_pillars_1_2, first_bread
D:3:      minmay_door_path, grunt_temple_overflow_forces_of_nature,
          old_standard_altar
D:4:      elyvilon_altar_4, gammafunk_pakellas_cloud_experiment
D:5:      lemuel_doored_altar, gammafunk_temple_overflow_forgotten,
          kennysheep_little_box, serial_shops, shop, nicolae_shop_waterfront,
          nicolae_shop_overgrown_old_shop, tgw_kikubaaqudgha
D:6:      zin_purify, portal_sewer_entry_a, nicolae_ossuary_entry_monument,
          serial_shops, nicolae_shop_temple_entry_statues_fountains
D:7:      minmay_temple_entry_poolview, uniq_menkaure
D:8:      marbit_many_paths, serial_shops, shop_statue
D:10:     grunt_pizzeria, uniq_maurice
D:11:     dpeg_lair_monsters, serial_shops, shop

Skill      XL: |  1  2  3  4  5  6  7  8  9 10 |
---------------+-------------------------------+-----
Short Blades   | 3 4 5 6 7 8 |  8.2
Stealth        | 5 6 7 |  7.0
Fighting       | 2 4 5 6 |  6.0
Invocations    | 1 4 6 |  6.9
Dodging        | 2 4 6 |  6.8
Slings         | 5 |  5.4
Charms         | 3 |  3.7
Translocations | 3 |  3.4
Air Magic      | 3 |  3.5
Throwing       | |  2.1

Action                   |  1- 3 |  4- 6 |  7- 9 | 10-12 || total
-------------------------+-------+-------+-------+-------++-------
Melee: Dagger            |   128 |   115 |   772 |   240 ||  1255
       Punch             |       |       |     2 |       ||     2
 Fire: Blowgun           |    12 |       |    14 |       ||    26
Throw: Throwing net      |       |       |       |     2 ||     2
 Cast: Repel Missiles    |       |       |       |     1 ||     1
Invok: Heroism           |       |       |     3 |     1 ||     4
  Use: Scroll            |     4 |     3 |     9 |     5 ||    21
       Potion            |       |     3 |     2 |     3 ||     8
 Stab: Sleeping          |     9 |    12 |    15 |    14 ||    50
       Distracted        |       |       |     3 |       ||     3
       Invisible         |       |       |       |     2 ||     2
       Held in net/web   |       |       |       |     1 ||     1
  Eat: Chunk             |     2 |     2 |    19 |     4 ||    27
       Royal jelly       |       |     1 |       |       ||     1
       Fruit             |       |       |     1 |       ||     1
       Beef jerky        |       |       |       |     1 ||     1
Armor: Robe              |    36 |    22 |    72 |    18 ||   148
       Ring mail         |       |       |    14 |       ||    14
Dodge: Dodged            |   130 |    56 |   419 |   129 ||   734
       Deflected         |       |       |       |     1 ||     1
